 Dungeon Crawl Stone Soup version 0.28-a0-1415-g7c84da036a (webtiles) character file.

Game seed: 6901923192808699241

188 southernslant the Skirmisher (level 5, -1/32 HPs)
             Began as a Gargoyle Gladiator on Jan 7, 2022.
             Frozen to death by an endoplasm (2 damage)
             ... on level 3 of the Dungeon.
             The game lasted 00:04:33 (2758 turns).

southernslant the Skirmisher (Gargoyle Gladiator)   Turns: 2758, Time: 00:04:35

Health: -1/32      AC:  8    Str: 18    XL:     5   Next: 67%
Magic:  5/5        EV: 12    Int:  8    God:
Gold:   91         SH:  0    Dex: 13    Spells: 4/4 levels left

rFire   . . .      SeeInvis .   a - +0 quarterstaff
rCold   . . .      Faith    .   (shield currently unavailable)
rNeg    + . .      Spirit   .   b - +0 leather armour
rPois   ∞          Reflect  .   c - +0 helmet
rElec   +          Harm     .   (no cloak)
rCorr   .          Rampage  .   (no gloves)
Will    .....                   (no boots)
Stlth   ++........              (no amulet)
HPRegen 0.10/turn               (no ring)
MPRegen 0.09/turn               (no ring)

@: flying
A: sickness immunity, AC +4, negative energy resistance 1, electricity
resistance, torment resistance 1, petrification resistance
a: no special abilities


You were on level 3 of the Dungeon.
You visited 1 branch of the dungeon, and saw 3 of its levels.

You collected 91 gold pieces.

Inventory:

Hand Weapons
 a - a +0 quarterstaff (weapon)
Missiles
 d - 3 throwing nets
 g - 54 stones (quivered)
 h - 12 poisoned darts
Armour
 b - a +0 leather armour (worn)
 c - a +0 helmet (worn)
Scrolls
 k - a scroll of magic mapping {unknown}
 l - a scroll of enchant armour {unknown}
 m - a scroll of identify {unknown}
 n - a scroll of enchant weapon {unknown}
Potions
 e - a potion of heal wounds
 f - a potion of haste {unknown}
 i - 2 potions of flight
 j - a potion of attraction {unknown}


   Skills:
 * Level 3.5 Fighting
 + Level 3.4 Staves
 + Level 2.3 Throwing
 * Level 2.5 Armour
 + Level 2.8 Dodging
 + Level 1.9 Stealth
 + Level 1.3 Shields


You had 4 spell levels left.
You didn't know any spells.
Your spell library contained the following spells:

 Spells                   Type           Power      Damage    Failure   Level
 Sting                    Tmut/Pois      0%         1d3       45%         1
 Poisonous Vapours        Pois/Air       0%         N/A       61%         2
 Olgreb's Toxic Radiance  Pois           0%         N/A       99%         4


Dungeon Overview and Level Annotations

Branches:
Dungeon (3/15)

Altars:


Innate Abilities, Weirdness & Mutations

You are immune to sickness and miasma.
Your stone body is resilient. (AC +4)
You are immune to poison.
You resist negative energy. (rN+)
You are resistant to electric shocks. (rElec)
You are resistant to unholy torment.
You are immune to petrification.


Message History

The endoplasm freezes you.
You are frozen.
The orc wizard casts a spell at you. You resist with some effort.
You bump into the rock wall.
The endoplasm freezes you.
You are frozen.
The orc wizard casts a spell at you.
The puff of flame hits you but does no damage.
You hit the orc wizard.
The orc wizard is almost dead.
The endoplasm freezes you.
You are frozen.
* * * LOW HITPOINT WARNING * * *
The orc wizard hits you but does no damage.
You bump into the rock wall.
The endoplasm closely misses you. The orc wizard casts a spell at you.
The puff of flame misses you.
You closely miss the orc wizard.
The orc wizard is almost dead.
You feel less confused. The endoplasm freezes you.
You are frozen.
* * * LOW HITPOINT WARNING * * *
The orc wizard hits you but does no damage.
You barely miss the orc wizard.
The orc wizard is almost dead.
The endoplasm freezes you.
You are frozen.
* * * LOW HITPOINT WARNING * * *
The orc wizard hits you but does no damage.
The endoplasm closely misses you.
You are too injured to fight recklessly!
You hit the orc wizard but do no damage.
The orc wizard is almost dead.
The orc wizard hits you with a +0 dagger.
* * * LOW HITPOINT WARNING * * *
The endoplasm freezes you.
You are frozen.
You die...

+.........+.............
#.........##.....#.#####
##.......####...##.#
##.....## ######.#
##...## #.# ##'## #.#
#.# #.# #.######### #.#
##.o@))....# #.#
##..J######.# #.....#
##...## ...............
#.#####.####### #.. ###


You could see an orc wizard and an endoplasm.

Vanquished Creatures
  A scorpion (D:2)
  An orc priest (D:3)
  5 adders
  3 orcs (D:3)
  5 ball pythons
  5 endoplasms
  A giant cockroach (D:2)
  6 goblins
  3 hobgoblins
  3 quokkas
  5 bats
  4 frilled lizards
  6 kobolds
  5 rats
53 creatures vanquished.

Notes
Turn   | Place    | Note
-------+----------+-------------------------------------------
     0 | D:1      | southernslant the Gargoyle Gladiator began the quest for
                  | the Orb.
     0 | D:1      | Reached XP level 1. HP: 12/12 MP: 1/1
   260 | D:1      | Reached XP level 2. HP: 18/18 MP: 2/2
   587 | D:1      | Reached skill level 1 in Armour
  1344 | D:1      | Reached XP level 3. HP: 22/22 MP: 3/3
  1508 | D:2      | Reached skill level 1 in Stealth
  1758 | D:2      | Reached XP level 4. HP: 25/28 MP: 4/4
  2140 | D:2      | Noticed a scorpion
  2143 | D:2      | Killed a scorpion
  2144 | D:2      | Reached skill level 1 in Shields
  2144 | D:2      | Reached XP level 5. HP: 32/32 MP: 5/5
  2758 | D:3      | HP: 1/32 [orc wizard (3)]
  2758 | D:3      | Frozen to death by an endoplasm

Illustrated notes

Levels and vault maps discovered:
D:1:      dpeg_arrival_tiny_f, layout_basic
D:2:      wad_river_or_something, layout_loops_ring
D:3:      layout_loops_corners, cheibrodos_ashenzari_chains,
          grunt_temple_overflow_lords_of_destruction, hangedman_decor_riveting,
          uniq_grinder

Skill      XL: |  1  2  3  4 |
---------------+-------------+-----
Armour         | 1 2 |  2.5
Throwing       | 2 |  2.3
Stealth        | 1 |  1.9
Fighting       | 3 |  3.5
Shields        | 1 |  1.3
Staves         | |  3.4
Dodging        | |  2.8

Action                   |  1- 3 |  4- 6 || total
-------------------------+-------+-------++-------
Melee: Quarterstaff      |   119 |    61 ||   180
  Use: Potion            |       |     2 ||     2
 Stab: Sleeping          |     4 |     2 ||     6
Armor: Leather armour    |    54 |    32 ||    86
Dodge: Dodged            |   100 |    36 ||   136

Table legend: (Time is in decaauts)
 A = Elapsed time spent in this place.
 B = Non-inter-level travel time spent in this place.
 C = Inter-level travel time spent in this place.
 D = Time resting spent in this place.
 E = Time spent auto-exploring this place.
 F = Levels seen in this place.
 G = Mean time per level.
                   A        B        C        D        E       F      G
               +--------+--------+--------+--------+--------+-----+--------+
         Total |   2785 |   2785 |      0 |      0 |   2312 |   3 |  928.3 |
       Dungeon |   2785 |   2785 |      0 |      0 |   2312 |   3 |  928.3 |
               +--------+--------+--------+--------+--------+-----+--------+

Top non-repeatable levels by time:
     D:1: 1488 daAuts
     D:2: 976 daAuts
     D:3: 320 daAuts
